 Dungeon Crawl Stone Soup version 0.28-a0-429-g1448048969 (webtiles) character file.

Game seed: 425789744146574331

25 MacCMillion the Grave Robber (level 3, 26/26 HPs)
             Began as a Ghoul Necromancer on Sept 9, 2021.
             Was a Follower of Dithmenos.
             Quit the game on level 2 of the Dungeon.
             The game lasted 00:03:47 (2091 turns).

MacCMillion the Grave Robber (Ghoul Necromancer)    Turns: 2091, Time: 00:03:48

Health: 26/26      AC:  4    Str: 11    XL:     3   Next: 6%
Magic:  5/5        EV: 12    Int: 10    God:    Dithmenos [*.....]
Gold:   79         SH:  0    Dex: 10    Spells: 5/6 levels left

rFire   . . .      SeeInvis .   f - +0 dagger
rCold   + . .      Faith    .   (no shield)
rNeg    + + +      Spirit   .   a - +0 robe
rPois   ∞          Reflect  .   g - +0 helmet
rElec   .          Harm     .   (no cloak)
rCorr   .          Rampage  .   c - +0 pair of gloves
Will    .....                   (no boots)
Stlth   ++........              (no amulet)
HPRegen 0.08/turn               (no ring)
MPRegen 0.09/turn               (no ring)

@: wreathed by umbra
A: claws 1, cold resistance 1, negative energy resistance 3, inhibited
regeneration, torment resistance 2
a: Renounce Religion


You were on level 2 of the Dungeon.
You worshipped Dithmenos.
Dithmenos was aware of your devotion.
You visited 1 branch of the dungeon, and saw 2 of its levels.

You collected 79 gold pieces.

Inventory:

Hand Weapons
 f - a +0 dagger (weapon)
Armour
 a - a +0 robe (worn)
 c - a +0 pair of gloves (worn)
 g - a +0 helmet (worn)
Potions
 b - a potion of flight {unknown}
 d - a potion of invisibility {unknown}
 e - a potion of heal wounds {unknown}


   Skills:
 + Level 0.3 Short Blades
 + Level 2.0 Dodging
 + Level 2.3 Stealth
 - Level 0.7 Unarmed Combat
 - Level 2.0 Spellcasting
 + Level 4.4 Necromancy


You had 5 spell levels left.
You knew the following spells:

 Your Spells              Type           Power      Damage    Failure   Level
a - Pain                  Necr           36%        1d5       5%          1

Your spell library contained the following spells:

 Spells                   Type           Power      Damage    Failure   Level
 Animate Skeleton         Necr           18%        N/A       5%          1
 Vampiric Draining        Necr           4%         2d6       16%         3
 Animate Dead             Necr           4%         N/A       45%         4
 Agony                    Necr           9%         N/A       82%         5


Dungeon Overview and Level Annotations

Branches:
Dungeon (2/15)

Altars:
Dithmenos


Innate Abilities, Weirdness & Mutations

You thrive by killing the living.
You are immune to poison.
You have sharp fingernails.
Your flesh is cold resistant. (rC+)
You are immune to negative energy. (rN+++)
You do not regenerate when monsters are visible.
You are immune to unholy pain and torment.


Message History

Dithmenos accepts your kill.
You have reached level 3!
Your experience leads to an increase in your attributes!
Increase (S)trength, (I)ntelligence, or (D)exterity?
You feel agile.
The helpless endoplasm fails to defend itself.
You hit the endoplasm.
The endoplasm is almost dead.
The endoplasm hits you.
You hit the endoplasm but do no damage.
The endoplasm is severely wounded.
The endoplasm hits you but does no damage.
You hit the endoplasm.
You kill the endoplasm!
Dithmenos accepts your kill.
You feel better.
No target in view!
Found a stone staircase leading down.
No target in view!
No target in view!
No target in view!
Found a stone staircase leading up.
Found a stone staircase leading up.
You now have 79 gold pieces (gained 12).
Found a helmet.
You open the door.
A bat comes into view.
Found a shadowy altar of Dithmenos.
There is an open door here.
The helpless bat fails to defend itself.
You hit the bat.
You kill the bat!
Dithmenos accepts your kill.
No target in view!
There is an open door here.
You see here a +0 helmet.
g - a +0 helmet You start putting on your armour.
You continue putting on your +0 helmet. x4
You finish putting on your +0 helmet.
Are you sure you want to abandon this character and quit the game? (Confirm with "yes".)

### #.. #.# #.# #.#
####### #.# ##≈≈≈≈≈##
#.# #≈≈≈≈≈≈≈#
###@######≈≈≈≈≈≈≈#
#........'..._≈≈≈###
#####.#.######≈≈≈≈≈≈≈#..
..........## #≈≈≈≈≈≈≈###
....>.#....####≈≈≈≈≈## #
######........##########
.........##..# #.##...
####.....##..###.###..
#.....##...........


There were no monsters in sight!

Vanquished Creatures
  A worm (D:1)
  6 endoplasms
  A giant cockroach (D:1)
  3 hobgoblins
  A quokka (D:1)
  2 ball pythons (D:1)
  2 bats
  3 frilled lizards (D:1)
  A kobold (D:1)
  2 rats (D:1)
22 creatures vanquished.

Vanquished Creatures (others)
  3 plants (D:2)
3 creatures vanquished.

Grand Total: 25 creatures vanquished

Notes
Turn   | Place    | Note
-------+----------+-------------------------------------------
     0 | D:1      | MacCMillion the Ghoul Necromancer began the quest for the
                  | Orb.
     0 | D:1      | Reached XP level 1. HP: 14/14 MP: 2/2
   687 | D:1      | Reached XP level 2. HP: 20/20 MP: 0/3
   754 | D:1      | Found a faded altar of an unknown god.
   861 | D:1      | Became a worshipper of Dithmenos the Shadowed
   861 | D:1      | Reached * piety under Dithmenos
  1438 | D:1      | HP: 1/20 [worm (3)]
  1988 | D:2      | Reached XP level 3. HP: 26/26 MP: 5/5
  2070 | D:2      | Found a shadowy altar of Dithmenos.
  2091 | D:2      | Quit the game

Illustrated notes

Levels and vault maps discovered:
D:1:      dpeg_arrival_oval, layout_loops_ring, basic_ecumenical_altar,
          minmay_heptomino_l4
D:2:      layout_loops_ring, serial_forest, infiniplex_forest_lined_1,
          infiniplex_forest_lined_1, infiniplex_forest_clump_curved,
          infiniplex_forest_straight_4, infiniplex_forest_clump_small,
          infiniplex_forest_lined_3_way, kennysheep_flooded_box

Skill      XL: |  1  2 |
---------------+-------+-----
Spellcasting   | 2 |  2.0
Dodging        | 2 |  2.0
Short Blades   | |  0.3
Stealth        | |  2.3
Unarmed Combat | |  0.7
Necromancy     | |  4.4

Action                   || total
-------------------------++-------
Melee: Unarmed           ||    35
       Dagger            ||    48
 Cast: Pain              ||    39
 Stab: Sleeping          ||     4
Armor: Robe              ||    13
Dodge: Dodged            ||    47

Table legend: (Time is in decaauts)
 A = Elapsed time spent in this place.
 B = Non-inter-level travel time spent in this place.
 C = Inter-level travel time spent in this place.
 D = Time resting spent in this place.
 E = Time spent auto-exploring this place.
 F = Levels seen in this place.
 G = Mean time per level.
                   A        B        C        D        E       F      G
               +--------+--------+--------+--------+--------+-----+--------+
         Total |   2091 |   1980 |    111 |     77 |   1567 |   2 | 1045.5 |
       Dungeon |   2091 |   1980 |    111 |     77 |   1567 |   2 | 1045.5 |
               +--------+--------+--------+--------+--------+-----+--------+

Top non-repeatable levels by time:
     D:1: 1731 daAuts
     D:2: 360 daAuts
